| TOP OF THE 1ST |
|
New Jersey Devils batting - Pitching for Southern Maryland Blue Crabs : RHP Bruce Yeager
|
|
Pitching: RHP Bruce Yeager
|
|
|
Batting: RHB Sam Callahan
|
0-0: Fly out, F8 (Line Drive, 8RM, EV 99.4 MPH)
|
|
Batting: RHB Eric Zylstra
|
0-0: Ball 1-0: Foul Ball, location: 2F 1-1: Ball 2-1: SOLO HOME RUN (Flyball, 89XD, EV 109.4 MPH), Distance : 439 ft
|
|
Batting: RHB Nate Henderson
|
0-0: Called Strike 0-1: Foul Ball, location: 2F 0-2: Strikes out swinging
|
|
Batting: RHB Bill Crogan
|
0-0: SINGLE (Line Drive, 89S, EV 100.0 MPH)
|
|
Batting: RHB Mark Paddock
|
0-0: Called Strike 0-1: Called Strike 0-2: Ball 1-2: Strikes out swinging
|
| Top of the 1st over - 1 run, 2 hits, 0 errors, 1 left on base; New Jersey 1 - Southern Maryland 0 |
| BOTTOM OF THE 1ST |
|
Southern Maryland Blue Crabs batting - Pitching for New Jersey Devils : RHP Frank Emery
|
|
Pitching: RHP Frank Emery
|
|
|
Batting: RHB Kevin Popowicz
|
0-0: Ball 1-0: Ball 2-0: Ball 3-0: Called Strike 3-1: Swinging Strike 3-2: Ground out 5-3 (Groundball, 56, EV 76.2 MPH)
|
|
Batting: LHB Pat Fontana
|
0-0: Ball 1-0: SINGLE (Groundball, 13S, EV 61.9 MPH) (infield hit)
|
|
Batting: SHB Carlos Carrillo
|
0-0: Ball 1-0: Fly out, F7 (Flyball, 7, EV 86.9 MPH)
|
|
Batting: LHB Xue-liang Zhou
|
0-0: Called Strike Pat Fontana steals 2nd base 0-1: Ball 1-1: Ball 2-1: Swinging Strike 2-2: Foul Ball, location: 2F 2-2: Ball Passed Ball! Pat Fontana to third 3-2: Base on Balls
|
|
Batting: SHB Eric Kelley
|
0-0: Ball 1-0: Ball 2-0: Ball 3-0: Base on Balls Xue-liang Zhou to second
|
|
Batting: LHB Chris Cohen
|
0-0: GRAND SLAM HOME RUN (Flyball, 78XD, EV 102.5 MPH), Distance : 429 ft
|
|
Batting: RHB Alfredo Reguera
|
0-0: Ball 1-0: Ground out U3 (Groundball, 34S, EV 76.9 MPH)
|
| Bottom of the 1st over - 4 runs, 2 hits, 0 errors, 0 left on base; New Jersey 1 - Southern Maryland 4 |
| TOP OF THE 2ND |
|
New Jersey Devils batting - Pitching for Southern Maryland Blue Crabs : RHP Bruce Yeager
|
|
Batting: RHB Juan Medina
|
0-0: Called Strike 0-1: Foul Ball, location: 2F 0-2: Foul Ball, location: 2F 0-2: Strikes out looking
|
|
Batting: LHB Brad Guffin
|
0-0: Foul Ball, location: 2F 0-1: Foul Ball, location: 2F 0-2: Ball 1-2: Strikes out swinging
|
|
Pitching: RHP Joe Sloboda
|
|
|
Batting: RHB Dan Mathews
|
0-0: Ground out 5-3 (Groundball, 56, EV 86.9 MPH)
|
| Top of the 2nd over - 0 runs, 0 hits, 0 errors, 0 left on base; New Jersey 1 - Southern Maryland 4 |
| BOTTOM OF THE 2ND |
|
Southern Maryland Blue Crabs batting - Pitching for New Jersey Devils : RHP Frank Emery
|
|
Batting: LHB Edwin Cabral
|
0-0: Called Strike 0-1: Called Strike 0-2: Foul Ball, location: 2F 0-2: Ball 1-2: Strikes out swinging
|
|
Batting: LHB Ivan Alvarez
|
0-0: Called Strike 0-1: Ball 1-1: Ball 2-1: Ball 3-1: Base on Balls
|
|
Batting: RHB Kevin Popowicz
|
0-0: Fly out, F3 (Popup, 34S, EV 78.8 MPH)
|
|
Batting: LHB Pat Fontana
|
0-0: Fielders Choice at 2nd, 5-4 (Groundball, 5, EV 104.4 MPH)
|
| Bottom of the 2nd over - 0 runs, 0 hits, 0 errors, 1 left on base; New Jersey 1 - Southern Maryland 4 |
| TOP OF THE 3RD |
|
New Jersey Devils batting - Pitching for Southern Maryland Blue Crabs : RHP Joe Sloboda
|
|
Batting: RHB Emanuel Anochondo
|
0-0: Ground out U3 (Groundball, 34, EV 90.0 MPH)
|
|
Batting: RHB Sam Callahan
|
0-0: Ball 1-0: Ball 2-0: Fly out, F7 (Flyball, 78M, EV 79.4 MPH)
|
|
Batting: RHB Eric Zylstra
|
0-0: Ball 1-0: Called Strike 1-1: Foul Ball, location: 2F 1-2: Strikes out looking
|
| Top of the 3rd over - 0 runs, 0 hits, 0 errors, 0 left on base; New Jersey 1 - Southern Maryland 4 |
| BOTTOM OF THE 3RD |
|
Southern Maryland Blue Crabs batting - Pitching for New Jersey Devils : RHP Frank Emery
|
|
Batting: SHB Carlos Carrillo
|
0-0: Ball 1-0: Swinging Strike 1-1: Foul Ball, location: 2F 1-2: Foul Ball, location: 2F 1-2: Ball 2-2: Ground out U3 (Groundball, 3L, EV 77.5 MPH)
|
|
Batting: LHB Xue-liang Zhou
|
0-0: Ball 1-0: Foul Ball, location: 2F 1-1: Ground out 5-3 (Groundball, 56, EV 81.9 MPH)
|
|
Batting: SHB Eric Kelley
|
0-0: Ball 1-0: Called Strike 1-1: Ball 2-1: Swinging Strike 2-2: Ball 3-2: Strikes out swinging
|
| Bottom of the 3rd over - 0 runs, 0 hits, 0 errors, 0 left on base; New Jersey 1 - Southern Maryland 4 |
| TOP OF THE 4TH |
|
New Jersey Devils batting - Pitching for Southern Maryland Blue Crabs : RHP Joe Sloboda
|
|
Batting: RHB Nate Henderson
|
0-0: Ball 1-0: Swinging Strike 1-1: Ball 2-1: Called Strike 2-2: Strikes out swinging
|
|
Batting: RHB Bill Crogan
|
0-0: Ground out 3-1 (Groundball, 34, EV 83.8 MPH)
|
|
Batting: RHB Mark Paddock
|
0-0: Ball 1-0: Ball 2-0: Foul Ball, location: 2F 2-1: Foul Ball, location: 2F 2-2: Fly out, F8 (Flyball, 8RM, EV 91.2 MPH)
|
| Top of the 4th over - 0 runs, 0 hits, 0 errors, 0 left on base; New Jersey 1 - Southern Maryland 4 |
| BOTTOM OF THE 4TH |
|
Southern Maryland Blue Crabs batting - Pitching for New Jersey Devils : RHP Frank Emery
|
|
Batting: LHB Chris Cohen
|
0-0: Called Strike 0-1: Called Strike 0-2: SINGLE (Groundball, 56D, EV 102.5 MPH)
|
|
Batting: RHB Alfredo Reguera
|
0-0: Ball 1-0: Fly out, F8 (Flyball, 8RD, EV 104.4 MPH)
|
|
Batting: LHB Edwin Cabral
|
0-0: Called Strike 0-1: Ball 1-1: Ball 2-1: Ball 3-1: Swinging Strike 3-2: Grounds into double play, 5-4-3 (Groundball, 56, EV 102.5 MPH)
|
| Bottom of the 4th over - 0 runs, 1 hit, 0 errors, 0 left on base; New Jersey 1 - Southern Maryland 4 |
| TOP OF THE 5TH |
|
New Jersey Devils batting - Pitching for Southern Maryland Blue Crabs : RHP Joe Sloboda
|
|
Batting: RHB Juan Medina
|
0-0: Foul Ball, location: 2F 0-1: Ball 1-1: Swinging Strike 1-2: Ball 2-2: Foul Ball, location: 2F 2-2: Foul Ball, location: 2F 2-2: Foul Ball, location: 2F 2-2: Strikes out swinging
|
|
Batting: LHB Brad Guffin
|
0-0: Swinging Strike 0-1: Ball 1-1: Ball 2-1: Swinging Strike 2-2: Strikes out swinging
|
|
Batting: RHB Dan Mathews
|
0-0: Ball 1-0: Ball 2-0: Called Strike 2-1: Ball 3-1: Called Strike 3-2: Foul Ball, location: 2F 3-2: Strikes out looking
|
| Top of the 5th over - 0 runs, 0 hits, 0 errors, 0 left on base; New Jersey 1 - Southern Maryland 4 |
| BOTTOM OF THE 5TH |
|
Southern Maryland Blue Crabs batting - Pitching for New Jersey Devils : RHP Frank Emery
|
|
Batting: LHB Ivan Alvarez
|
0-0: Foul Ball, location: 2F 0-1: Ball 1-1: Swinging Strike 1-2: Ball 2-2: Strikes out looking
|
|
Batting: RHB Kevin Popowicz
|
0-0: Ball 1-0: Foul Ball, location: 2F 1-1: Foul Ball, location: 2F 1-2: Ball 2-2: Ball 3-2: Fly out, F8 (Flyball, 8RD, EV 102.5 MPH)
|
|
Batting: LHB Pat Fontana
|
0-0: Foul Ball, location: 2F 0-1: DOUBLE (Line Drive, 8RD, EV 109.4 MPH)
|
|
Batting: SHB Carlos Carrillo
|
0-0: Foul Ball, location: 2F 0-1: Ball 1-1: Ball 2-1: Foul Ball, location: 2F 2-2: Foul Ball, location: 2F 2-2: Foul Ball, location: 2F 2-2: Foul Ball, location: 2F 2-2: 2-RUN HOME RUN (Flyball, 78XD, EV 104.4 MPH), Distance : 432 ft
|
|
Batting: LHB Xue-liang Zhou
|
0-0: Ball 1-0: Single, Error in OF, E7, batter to second base (Groundball, 56D, EV 106.9 MPH)
|
|
Batting: SHB Eric Kelley
|
0-0: Called Strike 0-1: SINGLE (Groundball, 34D, EV 104.4 MPH) Xue-liang Zhou to third Runner from 3rd tries for Home, SAFE, throw by RF to home
|
|
Pitching: LHP Antonio Davila
|
|
|
Batting: LHB Chris Cohen
|
0-0: Ball 1-0: Called Strike Eric Kelley is caught stealing 2nd base 2-6
|
| Bottom of the 5th over - 3 runs, 4 hits, 1 error, 0 left on base; New Jersey 1 - Southern Maryland 7 |
| TOP OF THE 6TH |
|
New Jersey Devils batting - Pitching for Southern Maryland Blue Crabs : RHP Joe Sloboda
|
|
Batting: RHB Emanuel Anochondo
|
0-0: Ball 1-0: SINGLE (Groundball, 4D, EV 100.0 MPH)
|
|
Batting: RHB Sam Callahan
|
0-0: Ball 1-0: Ball 2-0: Swinging Strike 2-1: Called Strike 2-2: Fly out, F4 (Popup, 4S, EV 71.2 MPH)
|
|
Batting: RHB Eric Zylstra
|
0-0: Ball 1-0: Foul Ball, location: 2F 1-1: Swinging Strike 1-2: Foul Ball, location: 2F 1-2: Ball 2-2: Ball 3-2: Base on Balls Emanuel Anochondo to second
|
|
Pitching: RHP Rod Najera
|
|
|
Batting: RHB Nate Henderson
|
0-0: Ball 1-0: Called Strike 1-1: Foul Ball, location: 2F 1-2: Foul Ball, location: 2F 1-2: Grounds into double play, 4-6-3 (Groundball, 4M, EV 80.6 MPH)
|
| Top of the 6th over - 0 runs, 1 hit, 0 errors, 1 left on base; New Jersey 1 - Southern Maryland 7 |
| BOTTOM OF THE 6TH |
|
Southern Maryland Blue Crabs batting - Pitching for New Jersey Devils : LHP Antonio Davila
|
|
Batting: LHB Chris Cohen
|
0-0: Ball 1-0: Ground out 4-3 (Groundball, 4, EV 108.8 MPH)
|
|
Batting: RHB Alfredo Reguera
|
0-0: Ball 1-0: Foul Ball, location: 2F 1-1: Fly out, F8 (Flyball, 8LS, EV 88.1 MPH)
|
|
Batting: LHB Edwin Cabral
|
0-0: Ball 1-0: Ball 2-0: Swinging Strike 2-1: Ball 3-1: Base on Balls
|
|
Batting: LHB Ivan Alvarez
|
0-0: Foul Ball, location: 2F 0-1: Foul Ball, location: 2F 0-2: Foul Ball, location: 2F 0-2: Ball 1-2: Ball 2-2: Strikes out swinging
|
| Bottom of the 6th over - 0 runs, 0 hits, 0 errors, 1 left on base; New Jersey 1 - Southern Maryland 7 |
| TOP OF THE 7TH |
|
New Jersey Devils batting - Pitching for Southern Maryland Blue Crabs : RHP Rod Najera
|
|
Batting: RHB Bill Crogan
|
0-0: Ball 1-0: Called Strike 1-1: Ball 2-1: Swinging Strike 2-2: Ball 3-2: Fly out, F9 (Flyball, 9, EV 90.6 MPH)
|
|
Batting: RHB Mark Paddock
|
0-0: Called Strike 0-1: Ball 1-1: Swinging Strike 1-2: Strikes out swinging
|
|
Batting: RHB Juan Medina
|
0-0: Ball 1-0: Foul Ball, location: 2F 1-1: Foul Ball, location: 2F 1-2: Strikes out looking
|
| Top of the 7th over - 0 runs, 0 hits, 0 errors, 0 left on base; New Jersey 1 - Southern Maryland 7 |
| BOTTOM OF THE 7TH |
|
Southern Maryland Blue Crabs batting - Pitching for New Jersey Devils : LHP Antonio Davila
|
|
Batting: RHB Kevin Popowicz
|
0-0: Ball 1-0: Ball 2-0: Ball 3-0: Base on Balls
|
|
Batting: LHB Pat Fontana
|
0-0: Ball 1-0: Ball 2-0: Ball 3-0: Base on Balls Kevin Popowicz to second
|
|
Batting: SHB Carlos Carrillo
|
0-0: Called Strike 0-1: Ball 1-1: Fly out, F9 (Flyball, 89S, EV 91.9 MPH)
|
|
Batting: LHB Xue-liang Zhou
|
0-0: Called Strike 0-1: SINGLE (Groundball, 4M, EV 80.0 MPH) (infield hit) Kevin Popowicz to third Pat Fontana to second
|
|
Batting: SHB Eric Kelley
|
0-0: Called Strike 0-1: Foul Ball, location: 2F 0-2: Foul Ball, location: 2F 0-2: Ball Passed Ball! Kevin Popowicz scores Pat Fontana to third Xue-liang Zhou to second 1-2: Foul Ball, location: 2F 1-2: Ball 2-2: Strikes out swinging
|
|
Batting: LHB Chris Cohen
|
0-0: Called Strike 0-1: Ball 1-1: Ball 2-1: TRIPLE (Flyball, 8RXD, EV 101.9 MPH) Pat Fontana scores Xue-liang Zhou scores
|
|
Pitching: LHP Jesus Espitia
|
|
|
Batting: RHB Alfredo Reguera
|
0-0: Ball 1-0: Foul Ball, location: 2F 1-1: Fly out, F2 (Popup, 23F, EV 90.6 MPH)
|
| Bottom of the 7th over - 3 runs, 2 hits, 0 errors, 1 left on base; New Jersey 1 - Southern Maryland 10 |
| TOP OF THE 8TH |
|
New Jersey Devils batting - Pitching for Southern Maryland Blue Crabs : RHP Rod Najera
|
|
Batting: LHB Brad Guffin
|
0-0: Called Strike 0-1: Ball 1-1: Foul Ball, location: 2F 1-2: Strikes out swinging
|
|
Batting: RHB Dan Mathews
|
0-0: Ground out 6-3 (Groundball, 6, EV 104.4 MPH)
|
|
Batting: RHB Emanuel Anochondo
|
0-0: Ground out 5-3 (Groundball, 5S, EV 85.0 MPH)
|
| Top of the 8th over - 0 runs, 0 hits, 0 errors, 0 left on base; New Jersey 1 - Southern Maryland 10 |
| BOTTOM OF THE 8TH |
|
Southern Maryland Blue Crabs batting - Pitching for New Jersey Devils : LHP Jesus Espitia
|
|
Pinch Hitting: RHB Eddie Morin
|
0-0: Ball 1-0: Ball 2-0: Called Strike 2-1: Called Strike 2-2: Foul Ball, location: 2F 2-2: Strikes out swinging
|
|
Batting: LHB Ivan Alvarez
|
0-0: Ball 1-0: Foul Ball, location: 2F 1-1: Foul Ball, location: 2F 1-2: Ball 2-2: Ball 3-2: Base on Balls
|
|
Batting: RHB Kevin Popowicz
|
0-0: Ball Wild Pitch! Ivan Alvarez to second 1-0: Ball 2-0: Called Strike 2-1: Ball 3-1: Base on Balls
|
|
Batting: LHB Pat Fontana
|
0-0: Ball 1-0: Ball 2-0: Called Strike 2-1: Ball 3-1: Foul Ball, location: 2F 3-2: SINGLE (Line Drive, 7S, EV 105.6 MPH) Ivan Alvarez to third Kevin Popowicz to second Runner from 3rd tries for Home, throw by LF and OUT! 7-2
|
|
Batting: SHB Carlos Carrillo
|
0-0: Called Strike 0-1: Swinging Strike 0-2: Ball 1-2: Ground out 2-3 (Groundball, 2L, EV 64.4 MPH)
|
| Bottom of the 8th over - 0 runs, 1 hit, 0 errors, 2 left on base; New Jersey 1 - Southern Maryland 10 |
| TOP OF THE 9TH |
|
New Jersey Devils batting - Pitching for Southern Maryland Blue Crabs : RHP Rod Najera
|
|
Now at 2B: Ivan Alvarez
|
|
|
Now at SS: Eddie Morin
|
|
|
Batting: RHB Sam Callahan
|
0-0: Swinging Strike 0-1: Foul Ball, location: 2F 0-2: Ball 1-2: Foul Ball, location: 2F 1-2: Ground out 5-3 (Groundball, 56, EV 83.8 MPH)
|
|
Batting: RHB Eric Zylstra
|
0-0: Ball 1-0: Called Strike 1-1: Foul Ball, location: 2F 1-2: Ball 2-2: Ball 3-2: Strikes out swinging
|
|
Batting: RHB Nate Henderson
|
0-0: Ball 1-0: Ball 2-0: Called Strike 2-1: Foul Ball, location: 2F 2-2: Foul Ball, location: 2F 2-2: Ball 3-2: Foul Ball, location: 2F 3-2: Base on Balls
|
|
Batting: RHB Bill Crogan
|
0-0: Ball 1-0: Ball 2-0: Ball 3-0: Base on Balls Nate Henderson to second
|
|
Batting: RHB Mark Paddock
|
0-0: Ball 1-0: Ground out 4-3 (Groundball, 4, EV 98.8 MPH)
|
| Top of the 9th over - 0 runs, 0 hits, 0 errors, 2 left on base; New Jersey 1 - Southern Maryland 10 |
|